 Dungeon Crawl Stone Soup version 0.30-a0-739-gea05faddec (webtiles) character file.

Game seed: 9159721385754798923

213407 epen the Brawler (level 18, -27/187 HPs)
             Began as a Gnoll Artificer on Feb 4, 2023.
             Was the Champion of Cheibriados.
             Killed from afar by a tengu reaver (35 damage)
             ... with a bolt of acid
             ... led by Sojobo
             ... on level 2 of the Vaults.
             The game lasted 01:02:24 (31733 turns).

epen the Brawler (Gnoll Artificer)                 Turns: 31733, Time: 01:02:25

Health: -27/187    AC: 30    Str: 28    XL:     18   Next: 95%
Magic:  27/35      EV: 30    Int: 26    God:    Cheibriados [******]
Gold:   2029       SH: 15    Dex: 36    Spells: 32/43 levels left

rFire   + . .      SeeInvis +      - Unarmed
rCold   + . .      Faith    .    m - +0 buckler
rNeg    + . .      Spirit   .    (body armour currently unavailable)
rPois   ∞          Reflect  +    u - +2 helmet of Vehumet's Whim {rC+}
rElec   +          Harm     .    C - +1 cloak
rCorr   .          Rampage  .    (gloves currently unavailable)
Will    +....                    (boots currently unavailable)
Stlth   +++++++                  z - amulet "Rotuarywee" {Reflect Dex+5 SH+5}
HPRegen 0.51/turn                P - ring "Maukomaug" {Wiz rF+ Str-4 Int+3 SInv}
MPRegen 0.24/turn                D - ring of Olo Toke {Fly Int-2 Slay+5}

@: statue-form, corroded, flying, studying Unarmed Combat, very slow
A: slow and powerful, torment resistance 1, boosted hp, fangs 1, strong nose,
distributed training
}: 1/15 runes: serpentine
a: End Transformation, Renounce Religion, Bend Time, Temporal Distortion,
Slouch, Step From Time


You were on level 2 of the Vaults.
You worshipped Cheibriados.
Cheibriados was exalted by your worship.
You were a living statue of rough stone.
You visited 5 branches of the dungeon, and saw 28 of its levels.
You also visited: Ossuary, Gauntlet and Ice Cave.

You collected 3140 gold pieces.
You spent 1111 gold pieces at shops.

Inventory:

Missiles
 o - 4 curare-tipped darts
 U - 4 throwing nets
Armour
 g - a +0 pair of gloves (melded)
 m - a +0 buckler (worn)
 u - the +2 helmet of Vehumet's Whim (worn) {rC+}
   (You found it on level 4 of the Dungeon)

   rC:        It protects you from cold.
 y - a +0 pair of boots (melded)
 C - a +1 cloak (worn)
 E - a +1 tower shield of protection
 S - a +0 troll leather armour (melded)
Jewellery
 d - a ring of protection from fire
 l - a ring of see invisible
 v - a +6 ring of strength
 z - the amulet "Rotuarywee" (around neck) {Reflect Dex+5 SH+5}
   (You bought it in a shop on level 2 of the Orcish Mines)

   [amulet of reflection]

   It reflects blocked missile attacks.
   Dex:       It affects your dexterity (+5).
   SH:        It affects your SH (+5).
 A - the ring of Ekiedaeg {Ice Str+3 SInv}
   (You found it in an ice cave)

   [ring of ice]

   It enhances your ice magic.
   Str:       It affects your strength (+3).
   rF:        It makes you vulnerable to fire.
   rC:        It protects you from cold.
   SInv:      It lets you see invisible.
 D - the ring of Olo Toke (right fist) {Fly Int-2 Slay+5}
   (You found it in a Gauntlet)

   [ring of flight]

   Int:       It affects your intelligence (-2).
   Slay:      It affects your accuracy & damage with ranged weapons and melee
   (+5).
   Fly:       It grants you flight.
 L - a +5 ring of evasion
 P - the ring "Maukomaug" (left fist) {Wiz rF+ Str-4 Int+3 SInv}
   (You took it off a minotaur in a Gauntlet)

   [ring of wizardry]

   It improves your spell success rate.
   Str:       It affects your strength (-4).
   Int:       It affects your intelligence (+3).
   rF:        It protects you from fire.
   SInv:      It lets you see invisible.
 W - a ring of protection from cold
 X - an amulet of regeneration
Wands
 a - a wand of roots (13)
 e - a wand of paralysis (24)
 j - a wand of flame (17)
 n - a wand of mindburst (8)
 w - a wand of quicksilver (13)
 J - a wand of digging (19)
Scrolls
 f - 16 scrolls of teleportation
 p - 7 scrolls of amnesia
 q - 2 scrolls of torment
 x - 5 scrolls of fog
 B - a scroll of brand weapon
 F - 3 scrolls of fear
 M - 7 scrolls of poison
 N - 6 scrolls of enchant armour
 O - 4 scrolls of enchant weapon
 R - a scroll of magic mapping
 T - 3 scrolls of blinking
 Y - 6 scrolls of identify
Potions
 c - 12 potions of might
 h - 7 potions of attraction
 i - 8 potions of lignification
 k - 6 potions of mutation
 r - 2 potions of invisibility
 s - 8 potions of curing
 t - 6 potions of flight
 G - 5 potions of brilliance
 H - 2 potions of heal wounds
 I - 2 potions of ambrosia
 K - 7 potions of magic
 Q - 2 potions of cancellation
 Z - a potion of berserk rage
Miscellaneous
 b - a phantom mirror


   Skills:
 + Level 13.4 Fighting
 + Level 13.1 Short Blades
 + Level 13.1 Long Blades
 + Level 13.1 Axes
 + Level 13.1 Maces & Flails
 + Level 13.1 Polearms
 + Level 13.1 Staves
 + Level 13.1 Ranged Weapons
 + Level 13.1 Throwing
 + Level 13.9 Armour
 + Level 13.4 Dodging
 + Level 13.4 Stealth
 + Level 13.1 Shields
 + Level 16.4 Unarmed Combat
 + Level 13.1 Spellcasting
 + Level 11.1 Conjurations
 + Level 11.1 Hexes
 + Level 11.1 Summonings
 + Level 11.1 Necromancy
 + Level 11.1 Translocations
 + Level 11.1 Transmutations
 + Level 11.1 Fire Magic
 + Level 11.1 Ice Magic
 + Level 11.1 Air Magic
 + Level 11.1 Earth Magic
 + Level 11.1 Poison Magic
 + Level 14.3 Invocations
 + Level 14.6 Evocations


You had 32 spell levels left.
You knew the following spells:

 Your Spells              Type           Power      Damage    Failure   Level
a - Blade Hands           Tmut           33%        N/A       1%          5
b - Statue Form           Tmut/Erth      44%        N/A       2%          6

Your spell library contained the following spells:

 Spells                   Type           Power      Damage    Failure   Level
 Beastly Appendage        Tmut           100%       N/A       1%          1
 Shock                    Conj/Air       100%       1d9       1%          1
 Wereblood                Tmut           66%        N/A       1%          2
 Call Canine Familiar     Summ           66%        N/A       1%          3
 Dazzling Flash           Conj/Hex       100%       N/A       1%          3
 Hailstorm                Conj/Ice       66%        3d14      1%          3
 Ignite Poison            Fire/Tmut/Pois 66%        N/A       1%          3
 Inner Flame              Hex/Fire       66%        N/A       1%          3
 Portal Projectile        Hex/Tloc       100%       N/A       1%          3
 Spider Form              Tmut/Pois      66%        N/A       1%          3
 Stone Arrow              Conj/Erth      100%       3d13      1%          3
 Swiftness                Air            66%        N/A       1%          3
 Tukima's Dance           Hex            66%        N/A       1%          3
 Airstrike                Air            33%        2d(5-21)  1%          4
 Animate Armour           Summ/Erth      100%       N/A       1%          4
 Flame Wave               Conj/Fire      66%        2d15      1%          4
 Fulminant Prism          Conj/Hex       33%        3d16      1%          4
 Ice Form                 Ice/Tmut       66%        N/A       1%          4
 Iskenderun's Mystic Bla  Conj/Tloc      66%        2d14      1%          4
 Leda's Liquefaction      Hex/Erth       33%        N/A       1%          4
 Manifold Assault         Tloc           66%        N/A       1%          4
 Petrify                  Tmut/Erth      66%        N/A       1%          4
 Sticky Flame             Conj/Fire      66%        2d8       1%          4
 Agony                    Necr           66%        N/A       1%          5
 Silence                  Hex/Air        33%        N/A       1%          5
 Dispersal                Tloc           33%        N/A       2%          6
 Simulacrum               Ice/Necr       33%        N/A       2%          6
 Starburst                Conj/Fire      33%        6d10      2%          6
 Dragon Form              Tmut           33%        N/A       13%         7
 Disjunction              Tloc           33%        N/A       67%         8
 Lehudib's Crystal Spear  Conj/Erth      33%        10d8      67%         8


Dungeon Overview and Level Annotations

Branches:
Dungeon (15/15)            Temple (0/1) D:4            Lair (5/5) D:8
 Shoals (0/4) Lair:3        Snake (4/4) Lair:3        Slime (0/5) Lair:4
    Orc (2/2) D:10            Elf (0/3) Orc:2        Vaults (2/5) D:13
 Depths (0/4) D:15        Ossuary (visited)           IceCv (visited)
Gauntlet (visited)
  Crypt: Vaults:2-3

Altars:
Ashenzari
Cheibriados
Dithmenos
Elyvilon
Fedhas
Qazlal
Sif Muna
Vehumet
Xom
The Shining One
Jiyva

Shops:
D:10 *   D:13 :   D:15 !   Orc:2 (=[[   Snake:1 !=   Snake:2 ==:
Snake:4 (!*(*   Vaults:1 (

Portals:
Abyss: Lair:2
Trove: D:11 (give 2 scrolls of acquirement)

Annotations:
D:10 3 runed translucent doors, MCDelver's ghost, journeyman OpFE
Lair:1 exclusion: oklob plant
Lair:2 2 transporters, PaleRider's ghost, journeyman TrFi


Innate Abilities, Weirdness & Mutations

You are a living statue of rough stone.
Your actions are slow, but your melee attacks are powerful.
You are resistant to unholy torment.
Your maximum health is greatly increased.
You are immune to poison.
Your equipment is partially melded.
You have very sharp teeth.
Your uncanny sense of smell can sniff out nearby items.
Your experience applies equally to all skills.


Message History

Press: ? - help, Dir - look around, f - activate You can feel time thicken for a moment.
You kill Sojobo!
Cheibriados thoroughly appreciates the change of pace.
You block the tengu reaver's attack. The tengu reaver completely misses you.
The tengu reaver claws you but does no damage.
The tengu reaver barely misses you. You block the tengu reaver's attack.
The tengu reaver claws you but does no damage.
The tengu reaver closely misses you. The tengu reaver misses you.
The tengu reaver claws you but does no damage.
The tengu reaver gestures at you while chanting.
The bolt of negative energy misses you. The tengu reaver completely misses you.
The tengu reaver pecks you but does no damage.
You block the tengu reaver's attack.
The tengu reaver hits you with a +0 halberd.
* * * LOW HITPOINT WARNING * * *
You block the tengu reaver's attack.
The tengu reaver claws you but does no damage.
The tengu reaver misses you. The tengu reaver barely misses you.
The tengu reaver claws you but does no damage.
The tengu reaver hits you with a +0 halberd.
* * * LOW HITPOINT WARNING * * *
You block the tengu reaver's attack.
The tengu reaver claws you but does no damage.
The tengu reaver hits you with a +0 battleaxe.
* * * LOW HITPOINT WARNING * * *
The tengu reaver closely misses you. You block the tengu reaver's attack.
The tengu reaver barely misses you.
The tengu reaver pecks you but does no damage.
The tengu reaver claws you but does no damage.
You see here a +0 hand crossbow.
The tengu reaver hits you with a +0 halberd!
* * * LOW HITPOINT WARNING * * *
The tengu reaver pecks you.
* * * LOW HITPOINT WARNING * * *
The tengu reaver claws you but does no damage.
The tengu reaver casts a spell at you. The bolt of acid hits you!!
You die...

#######################
......)................
.......................
......).Q8..###'####..
......).Q)..#......#
............#......#
............#......#
########....#.<....#
#....#......#
+....#......#
#....#......# #......#
∆


You could see 2 tengu reavers.

Vanquished Creatures
  Sojobo (Vaults:2)
  Bai Suzhen (Snake:3)
  Vashnia (Snake:2)
  Rupert (D:13)
  A storm dragon (D:12)
  Kirke (Snake:1)
  A rockslime (IceCv)
  8 nagarajas
  3 azure jellies (IceCv)
  A vault warden (Vaults:1)
  Aizul (Snake:1)
  An ironbound preserver (Vaults:1)
  An ironbound thunderhulk (Vaults:1)
  4 quicksilver oozes (IceCv)
  3 very ugly things (Vaults:1)
  2 stone giants
  Azrael (D:12)
  A minotaur (Gauntlet)
  4 dire elephants (Vaults:1)
  A great orb of eyes (Vaults:1)
  Josephine (Lair:3)
  A fire dragon (Lair:5)
  Harold (D:9)
  Fannar (Orc:1)
  6 yaktaur captains
  2 catoblepae
  An ogre mage (D:15)
  An ice dragon (Snake:2)
  A salamander tyrant (Snake:4)
  3 hydras
  An ironbound frostheart (Vaults:1)
  A death knight (D:12)
  Erica (D:8)
  14 centaur warriors
  4 two-headed ogres
  8 anacondas
  11 naga warriors
  3 boulder beetles
  4 tengu warriors
  A deep troll earth mage (D:12)
  13 naga sharpshooters
  A death yak (Lair:4)
  8 shock serpents
  3 orc high priests (Orc:2)
  3 skeletal warriors (D:13)
  Sonja (Lair:1)
  An iron troll (D:13)
  A sea snake (Snake:1)
  3 orange crystal statues (IceCv)
  3 deep trolls (Vaults:1)
  A glowing orange brain (Gauntlet)
  A swamp dragon (Lair:5)
  9 naga ritualists
  4 harpies (Vaults:1)
  2 wizards
  Pikel (D:5)
  2 phantasmal warriors
  2 ironbound convokers (Vaults:1)
  6 deep elf pyromancers
  6 orc knights
  3 orc sorcerers (Orc:2)
  22 mana vipers
  An oklob plant (Orc:1)
  5 cyclopes
  5 manticores
  9 salamanders
  13 ugly things
  A merfolk siren (Lair:3)
  A wolf spider (Lair:5)
  50 black mambas
  4 elephants (Lair:4)
  Joseph (D:8)
  Maurice (D:8)
  A molten gargoyle (D:14)
  A torpor snail (Lair:4)
  3 gargoyles
  5 guardian serpents
  12 cane toads
  An efreet (D:14)
  An unseen horror (D:13)
  12 naga magi
  8 komodo dragons
  A yaktaur (shapeshifter) (D:12)
  3 rime drakes
  23 yaktaurs
  A kobold demonologist (D:13)
  A freezing wraith (D:12)
  3 tengu conjurers (D:14)
  6 trolls
  A hornet (shapeshifter) (D:15)
  A meliai (D:12)
  3 polar bears
  4 hornets
  A tyrant leech (shapeshifter) (D:13)
  A tarantella (shapeshifter) (D:12)
  18 blink frogs
  13 dream sheep
  32 slime creatures
  A snapping turtle (shapeshifter) (D:12)
  A vampire (D:12)
  2 shadows
  A water elemental (D:12)
  33 yaks
  A spriggan (shapeshifter) (D:15)
  5 wraiths
  11 wyverns
  4 steam dragons
  4 fire elementals
  2 hogs (Snake:1)
  5 vampire mosquitoes
  4 basilisks
  2 redbacks (Lair:5)
  41 nagas
  Duvessa (D:7)
  5 acid dragons
  30 water moccasins
  2 hell hounds (D:12)
  21 orc warriors
  2 floating eyes (Gauntlet)
  2 black bears (D:8)
  5 ice beasts
  A swamp drake (Lair:5)
  6 boggarts
  19 centaurs
  5 great orb of eyes simulacra (IceCv)
  6 ogres
  9 wolves
  5 slime creature simulacra (IceCv)
  A lemure (D:5)
  2 elf zombies (D:8)
  3 kobold brigands
  9 bullfrogs
  2 gnoll sergeants (D:9)
  3 necrophages
  11 scorpions
  3 glowing shapeshifter simulacra (IceCv)
  3 elf skeletons (D:8)
  11 wights
  Dowan (D:7)
  21 killer bees
  11 howler monkeys
  4 lava snakes
  7 electric eels
  A crimson imp (D:9)
  5 centaur zombies (Ossuary)
  A human zombie (Ossuary)
  17 orc priests
  A gnoll bouda (D:6)
  A hound (D:6)
  A human skeleton (D:8)
  8 iguanas
  Crazy Yiuf (D:6)
  Natasha (twice) (D:3)
  22 orc wizards
  5 scorpion zombies (Ossuary)
  3 mummies (Ossuary)
  14 gnolls
  14 adders
  2 shadow imps
  A white imp (D:5)
  2 ufetubi
  2 worms
  2 dart slugs
  77 orcs
  9 ball pythons
  6 endoplasms
  A giant cockroach (D:4)
  3 gnoll zombies (Ossuary)
  4 goblins
  8 hobgoblins
  6 jackals
  34 kobolds
  3 quokkas
  6 bats
  2 frilled lizards
  2 goblin zombies (Ossuary)
  3 hobgoblin zombies (Ossuary)
  A kobold zombie (Ossuary)
  3 orc zombies (Ossuary)
  4 rats
  A fire vortex (D:14)
1053 creatures vanquished.

Vanquished Creatures (collateral kills)
  2 wights (D:7)
  A gnoll (D:4)
  4 orcs
7 creatures vanquished.

Vanquished Creatures (others)
  4 humans (Snake:1)
  A wyvern (D:7)
  An ogre (D:5)
  A wight (D:8)
  2 orc priests (Orc:2)
  An orc wizard (D:7)
  An orc (D:11)
  A quokka (D:13)
  3 demonic plants (Gauntlet)
  34 fungi
  84 plants
133 creatures vanquished.

Grand Total: 1193 creatures vanquished

Notes
Turn   | Place    | Note
-------+----------+-------------------------------------------
     0 | D:1      | epen the Gnoll Artificer began the quest for the Orb.
     0 | D:1      | Reached XP level 1. HP: 17/17 MP: 1/1
   180 | D:1      | Reached XP level 2. HP: 20/23 MP: 2/2
   348 | D:1      | You fall into a shaft and drop 1 floor!
   604 | D:1      | Reached XP level 3. HP: 26/28 MP: 3/3
   969 | D:2      | Reached skill level 1 in Invocations
  1075 | D:2      | Reached skill level 1 in Short Blades
  1075 | D:2      | Reached skill level 1 in Long Blades
  1075 | D:2      | Reached skill level 1 in Axes
  1075 | D:2      | Reached skill level 1 in Maces & Flails
  1075 | D:2      | Reached skill level 1 in Polearms
  1075 | D:2      | Reached skill level 1 in Staves
  1075 | D:2      | Reached skill level 1 in Ranged Weapons
  1075 | D:2      | Reached skill level 1 in Throwing
  1075 | D:2      | Reached skill level 1 in Shields
  1075 | D:2      | Reached skill level 1 in Unarmed Combat
  1075 | D:2      | Reached skill level 1 in Spellcasting
  1371 | D:2      | Reached XP level 4. HP: 34/34 MP: 5/5
  1786 | D:3      | Noticed a water moccasin
  1789 | D:3      | Killed a water moccasin
  1790 | D:3      | Reached skill level 1 in Conjurations
  1790 | D:3      | Reached skill level 1 in Hexes
  1790 | D:3      | Reached skill level 1 in Summonings
  1790 | D:3      | Reached skill level 1 in Necromancy
  1790 | D:3      | Reached skill level 1 in Translocations
  1790 | D:3      | Reached skill level 1 in Transmutations
  1790 | D:3      | Reached skill level 1 in Fire Magic
  1790 | D:3      | Reached skill level 1 in Ice Magic
  1790 | D:3      | Reached skill level 1 in Air Magic
  1790 | D:3      | Reached skill level 1 in Earth Magic
  1790 | D:3      | Reached skill level 1 in Poison Magic
  1790 | D:3      | Reached XP level 5. HP: 41/41 MP: 5/7
  1815 | D:3      | Found a snail-covered altar of Cheibriados.
  1835 | D:3      | Became a worshipper of Cheibriados the Contemplative
  1967 | D:3      | Noticed Natasha
  1973 | D:3      | Killed Natasha
  1974 | D:3      | Noticed an ogre
  1978 | D:3      | Killed an ogre
  1979 | D:3      | Reached skill level 5 in Armour
  1979 | D:3      | Reached skill level 2 in Unarmed Combat
  1979 | D:3      | Reached XP level 6. HP: 47/47 MP: 7/9
  2374 | D:3      | Noticed Natasha
  2378 | D:3      | Killed Natasha
  2863 | D:4      | Identified the +2 helmet of Vehumet's Whim {rC+}
  2881 | D:4      | Reached * piety under Cheibriados
  2996 | D:4      | Reached XP level 7. HP: 35/51 MP: 10/10
  3320 | D:4      | Found a staircase to the Ecumenical Temple.
  3475 | D:4      | Reached ** piety under Cheibriados
  4428 | D:5      | Entered Level 5 of the Dungeon
  4447 | D:5      | Reached skill level 3 in Unarmed Combat
  4447 | D:5      | Reached XP level 8. HP: 60/60 MP: 12/12
  4591 | D:5      | Identified a scroll of acquirement
  4591 | D:5      | Acquired the Compilation of Transformation
  4735 | D:5      | Noticed Pikel
  4877 | D:5      | Killed Pikel
  5030 | D:5      | Found a shimmering altar of Xom.
  5052 | D:5      | Reached *** piety under Cheibriados
  5099 | D:5      | Found a stormy altar of Qazlal.
  5836 | D:6      | Reached XP level 9. HP: 31/66 MP: 14/14
  6088 | D:6      | Reached skill level 4 in Unarmed Combat
  6284 | D:6      | Reached skill level 5 in Fighting
  6284 | D:6      | Reached skill level 5 in Dodging
  6351 | D:6      | Reached **** piety under Cheibriados
  6412 | D:6      | Found a radiant altar of Vehumet.
  6439 | D:6      | Found a shimmering blue altar of Sif Muna.
  6812 | D:6      | Found a runed translucent door.
  6813 | D:6      | Noticed Crazy Yiuf
  6822 | D:6      | Killed Crazy Yiuf
  6930 | D:7      | Found a glowing golden altar of the Shining One.
  6953 | D:7      | Reached skill level 5 in Stealth
  7201 | D:7      | Reached skill level 5 in Invocations
  7225 | D:7      | Noticed Dowan
  7226 | D:7      | Noticed Duvessa
  7232 | D:7      | Killed Dowan
  7300 | D:7      | Killed Duvessa
  8039 | D:7      | Found a shadowy altar of Dithmenos.
  8365 | D:8      | Reached skill level 5 in Short Blades
  8365 | D:8      | Reached skill level 5 in Long Blades
  8365 | D:8      | Reached skill level 5 in Axes
  8365 | D:8      | Reached skill level 5 in Maces & Flails
  8365 | D:8      | Reached skill level 5 in Polearms
  8365 | D:8      | Reached skill level 5 in Staves
  8365 | D:8      | Reached skill level 5 in Ranged Weapons
  8365 | D:8      | Reached skill level 5 in Throwing
  8365 | D:8      | Reached skill level 5 in Shields
  8365 | D:8      | Reached skill level 5 in Unarmed Combat
  8365 | D:8      | Reached skill level 5 in Spellcasting
  8365 | D:8      | Reached XP level 10. HP: 74/76 MP: 17/17
  8389 | D:8      | Noticed Erica
  8393 | D:8      | Killed Erica
  8423 | D:8      | Found a sand-covered staircase.
  8436 | Ossuary  | Entered an ossuary
  8540 | Ossuary  | Reached ***** piety under Cheibriados
  8876 | D:8      | Noticed Maurice
  8882 | D:8      | Killed Maurice
  8932 | D:8      | Noticed Joseph
  8947 | D:8      | Killed Joseph
  8948 | D:8      | Reached skill level 6 in Unarmed Combat
  8949 | D:8      | Reached skill level 5 in Conjurations
  8949 | D:8      | Reached skill level 5 in Hexes
  8949 | D:8      | Reached skill level 5 in Summonings
  8949 | D:8      | Reached skill level 5 in Necromancy
  8949 | D:8      | Reached skill level 5 in Translocations
  8949 | D:8      | Reached skill level 5 in Transmutations
  8949 | D:8      | Reached skill level 5 in Fire Magic
  8949 | D:8      | Reached skill level 5 in Ice Magic
  8949 | D:8      | Reached skill level 5 in Air Magic
  8949 | D:8      | Reached skill level 5 in Earth Magic
  8949 | D:8      | Reached skill level 5 in Poison Magic
  9104 | D:8      | Reached XP level 11. HP: 83/83 MP: 20/20
  9219 | D:8      | Found a staircase to the Lair.
  9738 | D:9      | Reached ****** piety under Cheibriados
 10291 | D:9      | Noticed a wizard
 10292 | D:9      | Noticed Harold
 10293 | D:9      | Killed a wizard
 10297 | D:9      | Killed Harold
 10427 | D:9      | Found a blossoming altar of Fedhas.
 10744 | D:10     | Entered Level 10 of the Dungeon
 11046 | D:10     | Found a runed translucent gate.
 11047 | D:10     | Found a runed translucent gate.
 11047 | D:10     | Noticed MCDelver's ghost (journeyman OpFE)
 11048 | D:10     | Found a runed translucent gate.
 11052 | D:10     | Identified the amulet of the Locust {Reflect *Slow rElec
                  | rF+++ SH+5 SInv}
 11094 | D:10     | Reached skill level 7 in Unarmed Combat
 11400 | D:10     | Reached XP level 12. HP: 74/91 MP: 12/22
 11611 | D:10     | Found a broken altar of Ashenzari.
 11628 | D:10     | Found Ucon's Overcharged Wands.
 11931 | D:10     | Found a staircase to the Orcish Mines.
 12105 | Lair:1   | Entered Level 1 of the Lair of Beasts
 12595 | Lair:1   | Reached skill level 10 in Evocations
 12828 | Lair:1   | Noticed Sonja
 12843 | Lair:1   | Killed Sonja
 13545 | Lair:2   | You fall into a shaft and drop 2 floors!
 13576 | Lair:3   | Noticed Josephine
 13594 | Lair:3   | Killed Josephine
 13651 | Lair:3   | Reached skill level 8 in Unarmed Combat
 13838 | Lair:2   | Found a gate leading to a gauntlet.
 13849 | Gauntlet | Entered a Gauntlet
 13849 | Gauntlet | Found a runed translucent door.
 13849 | Gauntlet | Found a transporter.
 13849 | Gauntlet | Found a runed translucent door.
 13849 | Gauntlet | Found a transporter.
 13855 | Gauntlet | Found a transporter.
 13870 | Gauntlet | Found a transporter.
 13885 | Gauntlet | Found a transporter.
 13885 | Gauntlet | Found a transporter.
 13887 | Gauntlet | Found a transporter.
 13887 | Gauntlet | Found a transporter.
 13887 | Gauntlet | Noticed a catoblepas
 13888 | Gauntlet | Found a transporter.
 13899 | Gauntlet | Found a transporter.
 13915 | Gauntlet | Found a transporter.
 13922 | Gauntlet | Found a runed translucent door.
 13923 | Gauntlet | Noticed a blizzard demon
 13926 | Gauntlet | Found a transporter.
 13939 | Gauntlet | Found a transporter.
 13959 | Gauntlet | Found a transporter.
 13962 | Gauntlet | Noticed a catoblepas
 14063 | Gauntlet | Paralysed by a floating eye for 2 turns
 14118 | Gauntlet | Killed a catoblepas
 14391 | Gauntlet | Reached XP level 13. HP: 99/99 MP: 25/25
 14406 | Gauntlet | Identified the ring of Olo Toke {Fly Int-2 Slay+5}
 14425 | Gauntlet | Identified the ring "Maukomaug" {Wiz rF+ Str-4 Int+3 SInv}
 14425 | Gauntlet | Noticed a minotaur
 14449 | Gauntlet | Killed a minotaur
 14456 | Gauntlet | Got the Papyrus of Charming Changes
 14972 | Lair:2   | Found a one-way gate to the infinite horrors of the Abyss.
 14972 | Lair:2   | Noticed PaleRider's ghost (journeyman TrFi)
 14983 | Lair:2   | Found a transporter.
 15056 | Lair:2   | Found a transporter.
 15591 | Lair:3   | Found a staircase to the Snake Pit.
 15894 | Lair:3   | Found a staircase to the Shoals.
 16660 | Lair:4   | Reached skill level 9 in Unarmed Combat
 17006 | Lair:4   | Reached skill level 10 in Armour
 17124 | Lair:4   | Found a viscous altar of Jiyva.
 17125 | Lair:4   | Found a staircase to the Slime Pits.
 17398 | Lair:5   | Entered Level 5 of the Lair of Beasts
 17729 | Lair:5   | Reached XP level 14. HP: 97/108 MP: 27/27
 17749 | Lair:5   | Learned a level 5 spell: Blade Hands
 17765 | Lair:5   | Reached skill level 10 in Invocations
 17839 | Lair:5   | Reached skill level 10 in Unarmed Combat
 18629 | Lair:5   | Learned a level 6 spell: Statue Form
 19045 | D:11     | Reached skill level 10 in Fighting
 19045 | D:11     | Reached skill level 10 in Dodging
 19064 | D:11     | Found a portal to a secret trove of treasure.
 19190 | D:11     | Reached skill level 10 in Stealth
 20246 | D:12     | Reached skill level 11 in Unarmed Combat
 20459 | D:12     | Reached skill level 10 in Short Blades
 20459 | D:12     | Reached skill level 10 in Long Blades
 20459 | D:12     | Reached skill level 10 in Axes
 20459 | D:12     | Reached skill level 10 in Maces & Flails
 20459 | D:12     | Reached skill level 10 in Polearms
 20459 | D:12     | Reached skill level 10 in Staves
 20459 | D:12     | Reached skill level 10 in Ranged Weapons
 20459 | D:12     | Reached skill level 10 in Throwing
 20459 | D:12     | Reached skill level 10 in Shields
 20459 | D:12     | Reached skill level 10 in Spellcasting
 20469 | D:12     | Noticed a storm dragon
 20476 | D:12     | Noticed a stone giant
 20480 | D:12     | Killed a storm dragon
 20488 | D:12     | Killed a stone giant
 20489 | D:12     | Reached XP level 15. HP: 117/117 MP: 16/29
 20890 | D:12     | Noticed Azrael
 20897 | D:12     | Killed Azrael
 21075 | D:13     | Noticed Rupert
 21076 | D:13     | Paralysed by Rupert for 3 turns
 21249 | D:13     | Found a white marble altar of Elyvilon.
 21321 | D:13     | Found Qapov's Book Shop.
 21326 | D:13     | Identified the +6 chain mail of Calculation {rElec rPois
                  | Int+3 Dex-2}
 21335 | D:13     | Identified the +1 robe "Suaplu" {rN+ Int-4 Stlth+}
 21336 | D:13     | Killed Rupert
 21341 | D:13     | Reached skill level 12 in Unarmed Combat
 21804 | D:13     | Found a gate to the Vaults.
 22820 | D:15     | Entered Level 15 of the Dungeon
 22820 | D:15     | Found Adijekle's Distillery.
 22832 | D:15     | Paralysed by an ogre mage for 3 turns
 22846 | D:15     | Bought a potion of berserk rage for 70 gold pieces
 22846 | D:15     | Bought a potion of curing for 42 gold pieces
 22846 | D:15     | Bought a potion of heal wounds for 70 gold pieces
 22846 | D:15     | Bought a potion of curing for 42 gold pieces
 23324 | D:15     | Reached XP level 16. HP: 125/125 MP: 25/30
 23509 | D:15     | Found a staircase to the Depths.
 23515 | D:15     | Reached skill level 13 in Unarmed Combat
 23847 | Orc:1    | Entered Level 1 of the Orcish Mines
 24072 | Orc:1    | Noticed Fannar
 24083 | Orc:1    | Killed Fannar
 24362 | Orc:2    | Entered Level 2 of the Orcish Mines
 24768 | Orc:2    | Found a staircase to the Elven Halls.
 24963 | Orc:2    | Found Sipomp's Antique Armour Boutique.
 24963 | Orc:2    | Found Narewik's Antique Weapon Shoppe.
 24965 | Orc:2    | Found Qacruiw's Antique Armour Boutique.
 24965 | Orc:2    | Found Ariepp's Jewellery Shoppe.
 24986 | Orc:2    | epen: ??englaciate
 24986 | Orc:2    | beem: I don't have a page labeled englaciate in my learndb.
                  | Did you mean: glaciate, englaciation.
 24986 | Orc:2    | epen: ?englaciate
 24986 | Orc:2    | epen: ??zhor
 24986 | Orc:2    | beem: skin of zhor[1/1]: A +4 animal skin with sInv and
                  | rC+++ that sometimes casts {metabolic englaciation}, which
                  | slows monsters in LOS. Prior to 0.23, was only a +4 animal
                  | skin of rC+++.
 24996 | Orc:2    | Bought a glowing helmet for 195 gold pieces
 25001 | Orc:2    | Bought the amulet "Rotuarywee" {Reflect Dex+5 SH+5} for 617
                  | gold pieces
 25313 | Snake:1  | Entered Level 1 of the Snake Pit
 25441 | Snake:1  | Noticed Kirke
 25451 | Snake:1  | Killed Kirke
 25545 | Snake:1  | Found Nepuvith's Jewellery Emporium.
 25545 | Snake:1  | Found Miane's Distillery.
 25607 | Snake:1  | Bought a potion of heal wounds for 75 gold pieces
 25851 | Snake:1  | Noticed Aizul
 25860 | Snake:1  | Killed Aizul
 25987 | Snake:1  | Reached skill level 14 in Unarmed Combat
 26273 | Snake:2  | Identified the ring of the Grand Eggfruit {Ice Str+5 Int-5}
 26286 | Snake:2  | Reached XP level 17. HP: 133/133 MP: 26/32
 26320 | Snake:2  | Noticed Vashnia
 26329 | Snake:2  | Killed Vashnia
 26336 | Snake:2  | Reached skill level 10 in Conjurations
 26336 | Snake:2  | Reached skill level 10 in Hexes
 26336 | Snake:2  | Reached skill level 10 in Summonings
 26336 | Snake:2  | Reached skill level 10 in Necromancy
 26336 | Snake:2  | Reached skill level 10 in Translocations
 26336 | Snake:2  | Reached skill level 10 in Transmutations
 26336 | Snake:2  | Reached skill level 10 in Fire Magic
 26336 | Snake:2  | Reached skill level 10 in Ice Magic
 26336 | Snake:2  | Reached skill level 10 in Air Magic
 26336 | Snake:2  | Reached skill level 10 in Earth Magic
 26336 | Snake:2  | Reached skill level 10 in Poison Magic
 26361 | Snake:2  | Found a frozen archway.
 26368 | IceCv    | Entered an ice cave
 26535 | IceCv    | Identified the +2 leather armour of Istith {Stlth+}
 27029 | IceCv    | Found a viscous altar of Jiyva.
 27058 | IceCv    | Identified the ring "Mafybbug" {rPois Int+3}
 27061 | IceCv    | Identified the ring of Ekiedaeg {Ice Str+3 SInv}
 27348 | Snake:2  | Found Velas's Jewellery Shoppe.
 27349 | Snake:2  | Found Entaq's Book Shop.
 27357 | Snake:2  | Found Sidoug's Jewellery Shoppe.
 27490 | Snake:2  | Reached skill level 15 in Unarmed Combat
 28644 | Snake:3  | Noticed Bai Suzhen
 28659 | Snake:3  | Killed Bai Suzhen
 28775 | Snake:4  | Entered Level 4 of the Snake Pit
 28785 | Snake:4  | Reached XP level 18. HP: 142/142 MP: 31/34
 28816 | Snake:4  | Found Qienion's Antique Weapon Boutique.
 28900 | Snake:4  | Found Temedgh's Distillery.
 28909 | Snake:4  | Found Vawneelo's General Store.
 29405 | Snake:4  | Got a serpentine rune of Zot
 29528 | Snake:4  | Found Qulyoh's Assorted Antiques.
 29637 | Snake:4  | Found Miesuwk's Antique Weapon Shoppe.
 30134 | Vaults:1 | Entered Level 1 of the Vaults
 30404 | Vaults:1 | Reached skill level 16 in Unarmed Combat
 30817 | Vaults:1 | Paralysed by a great orb of eyes for 4 turns
 31224 | Vaults:1 | Found Arohim's Weapon Shoppe.
 31721 | Vaults:2 | Noticed Sojobo
 31726 | Vaults:2 | Paralysed by an air elemental for 1 turns
 31729 | Vaults:2 | Paralysed by an air elemental for 1 turns
 31731 | Vaults:2 | Killed Sojobo
 31733 | Vaults:2 | HP: 8/187 [tengu reaver/+0 halberd[Sojobo] (4)]
 31733 | Vaults:2 | Killed from afar by a tengu reaver

Illustrated notes

Levels and vault maps discovered:
D:1:      psy_arrival_statuary, layout_basic
D:2:      layout_loops_ring
D:3:      layout_loops_ring, kennysheep_slug_shrine, uniq_natasha
D:4:      kennysheep_kobold_camp, layout_loops_corners,
          minmay_temple_entry_hall, minmay_misc_feat_five, sigmund_army
D:5:      minmay_chambers_of_threes, layout_loops_cross,
          nicolae_qazlal_eye_of_the_storm, mainiacjoe_overflow_boulevard,
          minivault_5, uniq_pikel
D:6:      layout_loops_ring, lemuel_round_altar, nicolae_vehumet_altar_sigil,
          uniq_crazy_yiuf_cottage
D:7:      layout_gridville, amcnicky_altar_gilded, mainiacjoe_overflow_alcove_4,
          water_boxes_lemuel, uniq_duvessa
D:8:      layout_loops_cross, minmay_lair_entry_grove,
          nicolae_ossuary_entry_catacombs, uniq_joseph, uniq_erica, uniq_maurice
D:9:      layout_loops_ring, kennysheep_mini_moat, grunt_ministairs_15,
          lightli_wizard_tower, uniq_harold
D:10:     layout_grid_maze, ashenzari_altar_1, david_orc_4,
          gammafunk_ghost_nasty_kobolds, nicolae_shop_overcharged_wands
D:11:     layout_basic, enter_trove_0, serial_glass, glass_columns_b,
          glass_columns_a, glass_columns_a, glass_columns_c, glass_columns_a,
          glass_columns_b, glass_columns_a, glass_columns_a, st_stairs_7
D:12:     lemuel_traditional_vault, layout_basic, uniq_azrael
D:13:     layout_big_octagon, david_vaults_4, serial_shops, shop,
          elyvilon_altar_4, uniq_rupert
D:14:     layout_roguey, serial_curves, eino_curves_01, eino_curves_02,
          kennysheep_dice
D:15:     grunt_enter_depths_snipers, layout_irregular_city, serial_shops, shop,
          chequers_serial_rivers_small_a, grunt_ministairs_15,
          nicolae_water_bricks
Lair:1:   layout_regular_city, minmay_lair_oklob_bushes,
          cheibrodos_lair_reptile_den, serial_bayou_shore_a, uniq_sonja
Lair:2:   layout_cave_pods, gauntlet_entry_generic,
          gammafunk_ghost_abyssal_escape
Lair:3:   layout_small_grid, minmay_shoals_entry_lonely_mermaid, uniq_josephine
Lair:4:   layout_cave_pods, slime_entry_1, nicolae_quartered_pool_medium,
          grunt_megastairs_2, infiniplex_staircase_pool_2
Lair:5:   hangedman_lair_tendril_chambers, layout_hall_layers,
          guppyfry_lair_end_dragon
Snake:1:  layout_layer_cave, st_stairs_5, nicolae_snake_bzzzt, minmay_shoptagon,
          uniq_aizul, uniq_kirke
Snake:2:  layout_misc_corridors, portal_ice_cave_entry_dragon,
          minmay_shop_grove, serial_bayou_shore_b, uniq_vashnia
Snake:3:  layout_basic, serial_bayou_shore_b, uniq_bai_suzhen
Snake:4:  minmay_snake_end_coiled, layout_rooms, serial_shops,
          nicolae_diamond_shop, shop_fountains, nicolae_shop_statue_plus,
          nicolae_shop_stone, nicolae_shop_stone, serial_bayou_shore_b
Orc:1:    layout_diamond_mine, mines3_lemuel, uniq_fannar
Orc:2:    grunt_orc_tribal_feast, layout_caves
Vaults:1: nicolae_vaults_disjoint_gnomons, v_pattern_2, v_misc_23,
          hangedman_vaults_corner, serial_ice_h, ontoclasm_vaults_spin,
          layout_vaults_omnigrid, serial_shops, shop_statue
Vaults:2: grunt_vaults_diagonal, nicolae_vaults_know_your_exits,
          nicolae_vaults_network_quincunx
          [nicolae_vaults_network_quincunx_subvault,
          nicolae_vaults_network_quincunx_subvault,
          nicolae_vaults_network_quincunx_subvault,
          nicolae_vaults_network_quincunx_subvault,
          nicolae_vaults_network_quincunx_subvault], ontoclasm_vaults_bender,
          ontoclasm_vaults_misaligned, vaults_mumra_minichess_inversion,
          nicolae_vaults_sealed_display, vaults_room_corners, serial_ice_h,
          ontoclasm_vaults_decontamination, dpeg_vaults_monster_box,
          layout_vaults_chaotic_city, minmay_crypt_entry_nasty_monster,
          uniq_sojobo, uniq_boris, uniq_zenata

Skill      XL: |  1  2  3  4  5  6  7  8  9 10 11 12 13 14 15 16 17 18 |
---------------+-------------------------------------------------------+-----
Invocations    | 1 2 3 4 5 6 7 8 9 10 11 12 13 14 | 14.3
Short Blades   | 1 2 3 5 6 7 8 9 10 11 12 13 | 13.1
Long Blades    | 1 2 3 5 6 7 8 9 10 11 12 13 | 13.1
Axes           | 1 2 3 5 6 7 8 9 10 11 12 13 | 13.1
Maces & Flails | 1 2 3 5 6 7 8 9 10 11 12 13 | 13.1
Polearms       | 1 2 3 5 6 7 8 9 10 11 12 13 | 13.1
Staves         | 1 2 3 5 6 7 8 9 10 11 12 13 | 13.1
Ranged Weapons | 1 2 3 5 6 7 8 9 10 11 12 13 | 13.1
Throwing       | 1 2 3 5 6 7 8 9 10 11 12 13 | 13.1
Shields        | 1 2 3 5 6 7 8 9 10 11 12 13 | 13.1
Unarmed Combat | 1 2 3 5 6 7 8 9 11 12 14 15 16 | 16.4
Spellcasting   | 1 2 3 5 6 7 8 9 10 11 12 13 | 13.1
Fighting       | 3 4 5 6 7 8 9 10 11 12 13 | 13.4
Dodging        | 3 4 5 6 7 8 9 10 11 12 13 | 13.4
Conjurations   | 1 2 3 4 5 6 7 8 9 10 11 | 11.1
Hexes          | 1 2 3 4 5 6 7 8 9 10 11 | 11.1
Summonings     | 1 2 3 4 5 6 7 8 9 10 11 | 11.1
Necromancy     | 1 2 3 4 5 6 7 8 9 10 11 | 11.1
Translocations | 1 2 3 4 5 6 7 8 9 10 11 | 11.1
Transmutations | 1 2 3 4 5 6 7 8 9 10 11 | 11.1
Fire Magic     | 1 2 3 4 5 6 7 8 9 10 11 | 11.1
Ice Magic      | 1 2 3 4 5 6 7 8 9 10 11 | 11.1
Air Magic      | 1 2 3 4 5 6 7 8 9 10 11 | 11.1
Earth Magic    | 1 2 3 4 5 6 7 8 9 10 11 | 11.1
Poison Magic   | 1 2 3 4 5 6 7 8 9 10 11 | 11.1
Armour         | 5 6 7 8 9 10 11 12 13 | 13.9
Stealth        | 3 4 5 6 7 8 9 10 11 12 13 | 13.4
Evocations     | 7 8 9 10 11 12 13 14 | 14.6

Action                     |  1- 3 |  4- 6 |  7- 9 | 10-12 | 13-15 | 16-18 || total
---------------------------+-------+-------+-------+-------+-------+-------++-------
  Melee: Club              |   148 |    99 |       |       |       |       ||   247
         Bite              |    18 |    22 |    73 |    79 |   111 |   128 ||   431
         Punch             |     2 |     1 |       |       |     4 |       ||     7
         Dagger            |       |    49 |   539 |    11 |       |       ||   599
         Scimitar          |       |       |       |   612 |   287 |       ||   899
         Unarmed           |       |       |       |       |   391 |   853 ||  1244
  Throw: Boomerang         |       |     2 |       |    12 |       |       ||    14
         Dart              |       |       |       |       |     5 |       ||     5
         Throwing net      |       |       |       |       |     1 |       ||     1
   Cast: Statue Form       |       |       |       |       |    52 |    98 ||   150
         Blade Hands       |       |       |       |       |     7 |       ||     7
 Invoke: Slouch            |       |       |       |     9 |    10 |    12 ||    31
         Step From Time    |       |       |       |       |       |     1 ||     1
  Evoke: Wand              |     6 |    15 |    18 |    25 |     9 |     1 ||    74
    Use: Scroll            |       |       |    12 |    14 |     4 |     4 ||    34
         Potion            |       |       |     2 |     3 |     1 |     4 ||    10
   Stab: Sleeping          |     3 |     2 |     8 |    16 |    12 |    10 ||    51
         Paralysed         |       |       |     4 |       |       |       ||     4
         Distracted        |       |       |       |     3 |     5 |     3 ||    11
         Held in net/web   |       |       |       |       |     1 |       ||     1
 Armour: Leather armour    |    51 |    42 |   115 |    35 |       |       ||   243
         Ring mail         |       |       |       |   132 |    55 |       ||   187
         Steam dragon scal |       |       |       |       |    24 |       ||    24
         Skin              |       |       |       |       |   246 |   423 ||   669
         Troll leather arm |       |       |       |       |     1 |     1 ||     2
  Dodge: Dodged            |   113 |   103 |   309 |   768 |  1006 |  1580 ||  3879
  Block: Buckler           |       |     5 |   125 |   320 |   375 |  1170 ||  1995
         Reflection        |       |       |       |       |       |   104 ||   104

Table legend: (Time is in decaauts)
 A = Elapsed time spent in this place.
 B = Non-inter-level travel time spent in this place.
 C = Inter-level travel time spent in this place.
 D = Time resting spent in this place.
 E = Time spent auto-exploring this place.
 F = Levels seen in this place.
 G = Mean time per level.
                   A        B        C        D        E       F      G
               +--------+--------+--------+--------+--------+-----+--------+
         Total |  52242 |  49081 |   3161 |   3537 |  34974 |  31 | 1685.2 |
       Dungeon |  26070 |  24158 |   1912 |   1679 |  18183 |  15 | 1738.0 |
          Lair |  10111 |   9472 |    639 |    925 |   6767 |   5 | 2022.2 |
     Snake Pit |   7412 |   7151 |    261 |    241 |   5134 |   4 | 1853.0 |
  Orcish Mines |   2553 |   2339 |    214 |     44 |   1851 |   2 | 1276.5 |
        Vaults |   3072 |   2940 |    132 |     40 |   2367 |   2 | 1536.0 |
       Ossuary |    534 |    534 |      0 |     24 |      7 |   1 |  534.0 |
      Ice Cave |   1270 |   1270 |      0 |    383 |    205 |   1 | 1270.0 |
      Gauntlet |   1218 |   1218 |      0 |    199 |    458 |   1 | 1218.0 |
               +--------+--------+--------+--------+--------+-----+--------+

Top non-repeatable levels by time:
Vaults:1: 2989 daAuts
    D:12: 2660 daAuts
  Lair:5: 2431 daAuts
    D:10: 2375 daAuts
  Lair:1: 2341 daAuts
     D:4: 2200 daAuts
 Snake:4: 2090 daAuts
     D:9: 1976 daAuts
     D:7: 1939 daAuts
 Snake:1: 1871 daAuts
 Snake:3: 1831 daAuts
  Lair:3: 1798 daAuts
  Lair:4: 1774 daAuts
     D:8: 1774 daAuts
     D:6: 1767 daAuts
